 Dungeon Crawl Stone Soup version 0.28.0-53-g5a82cb258f (webtiles) character file.

Game seed: 15823572722659665075

4233 Peloso the Carver (level 10, -9/129 (135) HPs)
             Began as a Minotaur Fighter on July 21, 2022.
             Mangled by Erica
             ... wielding a +1 scimitar of flaming
              (14 damage)
             ... on level 7 of the Dungeon.
             The game lasted 00:13:55 (5971 turns).

Peloso the Carver (Minotaur Fighter)                Turns: 5971, Time: 00:13:56

HP:   -9/129 (135)  AC: 14    Str: 24    XL:     10   Next: 9%
MP:   9/9           EV:  7    Int:  5    God:
Gold: 397           SH:  9    Dex: 11    Spells: 9/9 levels left

rFire   . . .      SeeInvis .   a - +0 long sword (flame)
rCold   . . .      Faith    .   c - +0 kite shield
rNeg    . . .      Spirit   .   y - +0 plate armour
rPois   .          Reflect  .   (helmet restricted)
rElec   .          Harm     .   (no cloak)
rCorr   .          Rampage  .   (no gloves)
Will    .....                   (no boots)
Stlth   ..........              l - amulet of regeneration
HPRegen 1.11/turn               (no ring)
MPRegen 0.11/turn               (no ring)

@: berserking (expiring), lightly drained, very quick
A: horns 2, retaliatory headbutt
a: no special abilities


You were on level 7 of the Dungeon.
You visited 2 branches of the dungeon, and saw 9 of its levels.

You collected 397 gold pieces.

Inventory:

Hand Weapons
 a - a +0 long sword of flaming (weapon)
 b - a +3 scimitar
Missiles
 w - 2 throwing nets (quivered)
Armour
 c - a +0 kite shield (worn)
 e - a +0 scale mail
 s - a +0 chain mail
 y - a +0 plate armour (worn)
Jewellery
 l - an amulet of regeneration (around neck)
 A - a ring of see invisible
Wands
 o - a wand of acid (3)
 u - a wand of mindburst (13)
Scrolls
 f - a scroll of amnesia {unknown}
 h - 4 scrolls of teleportation
 i - a scroll of brand weapon
 k - 3 scrolls of enchant armour
 n - a scroll of magic mapping
 q - a scroll of fog
 r - a scroll of enchant weapon {unknown}
 t - a scroll of vulnerability {unknown}
 v - a scroll of summoning {unknown}
Potions
 d - a potion of might
 g - a potion of resistance
 j - 5 potions of curing
 p - 3 potions of mutation
 x - a potion of haste {unknown}


   Skills:
 + Level 8.9 Fighting
 + Level 10.6 Long Blades
 + Level 9.4 Armour
 + Level 4.4 Dodging
 + Level 1.1 Stealth
 + Level 6.6 Shields
 + Level 0.6 Evocations


You had 9 spell levels left.
You didn't know any spells.
Your spell library contained the following spells:

 Spells                   Type           Power      Damage    Failure   Level
 Corpse Rot               Necr/Air       0%         N/A       100%        2
 Ensorcelled Hibernation  Hex/Ice        0%         N/A       100%        2
 Poisonous Vapours        Pois/Air       0%         N/A       100%        2
 Spider Form              Tmut/Pois      0%         N/A       100%        3
 Anguish                  Hex/Necr       0%         N/A       100%        4


Dungeon Overview and Level Annotations

Branches:
Dungeon (8/15)             Temple (1/1) D:6
   Lair: D:8-11

Altars:
Ashenzari
Cheibriados
Dithmenos
Elyvilon
Fedhas
Gozag
Hepliaklqana
Kikubaaqudgha
Makhleb
Nemelex Xobeh
Ru
Sif Muna
Trog
Uskayaw
Vehumet
Wu Jian
Xom
Yredelemnul
Zin
The Shining One

Shops:
D:1 =   D:4 [   D:5 [   D:7 *

Annotations:
D:7 Erica


Innate Abilities, Weirdness & Mutations

You have a pair of horns on your head.
You reflexively headbutt those who attack you in melee.


Message History

You hear some strange, mumbled words.
A bolt of poison appears from out of thin air!
The bolt of poison hits you!
You are more poisoned.
You feel very sick.
You feel very sick.
You are too confused!
Unknown command.
You feel better.
A red film seems to cover your vision as you go berserk!
You feel yourself moving faster!
You feel mighty! Something hits you. Something burns you.
You miss something. Something hits you. Something burns you.
You hit something. You burn something. Something hits you! Something burns you.
You hit something. You burn something. Your headbutt misses something.
Something hits you.
* * * LOW HITPOINT WARNING * * *
Something burns you.
* * * LOW HITPOINT WARNING * * *
You miss something. You barely miss something.
Something hits you but does no damage.
You hit something. You burn something. You block something's attack.
You slash something! You burn something. You closely miss something.
Something hits you!
* * * LOW HITPOINT WARNING * * *
Something burns you.
* * * LOW HITPOINT WARNING * * *
You miss something. Your headbutt misses something.
You block something's attack.
You completely miss something. Your headbutt misses something.
You miss something. Your headbutt misses something. Something hits you!
* * * LOW HITPOINT WARNING * * *
Something burns you.
* * * LOW HITPOINT WARNING * * *
You closely miss something. You headbutt something! Something hits you!
* * * LOW HITPOINT WARNING * * *
Something burns you.
* * * LOW HITPOINT WARNING * * *
You closely miss something. Your headbutt misses something. Something hits you!
You die...

#.# #..## #.#. ## #.# #..# #.#.
.#######.# #..# ### #.#.
......##.# #..# ##.#####)#.
......##.# #..# #.#.....<#.
.........# #..# ##......)..
......#### #..## #..#######
......# #..[######..#### .##.###
#.@{.).)>).....# .##.#
#....[.).[..##.# .##.#####
##.#######.###.# ........# #.#
##.###.## ..≈._.≈.#
#.######...##..##
#.......########.##............#
#####..###.......##.###...###..#
# #^.....########.# ##.## #..# #
######.# #.# #.# #..#


There were no monsters in sight!

Vanquished Creatures
  Pikel (D:4)
  A manticore (D:7)
  A hornet (D:7)
  Sigmund (D:4)
  Menkaure (D:6)
  Edmund (D:4)
  A water moccasin (D:7)
  A black bear (D:4)
  A sky beast (D:7)
  2 orc warriors
  3 ogres
  Blork the orc (D:5)
  A phantom (D:6)
  A kobold brigand (D:7)
  A lemure (D:4)
  A bullfrog (D:7)
  2 gnoll sergeants (D:7)
  A scorpion (D:5)
  5 killer bees (D:7)
  A water moccasin skeleton (D:4)
  9 wights
  A howler monkey (D:7)
  A bullfrog zombie (D:6)
  2 centaur zombies (D:6)
  2 bullfrog skeletons
  2 hounds (D:6)
  A jelly (D:7)
  4 orc priests
  A gnoll shaman (D:6)
  2 centaur skeletons
  An iguana (D:4)
  3 orc wizards
  Ijyb (D:3)
  2 hound skeletons
  17 gnolls
  7 adders
  2 white imps
  An adder skeleton (D:4)
  2 worms
  4 dart slugs
  21 orcs
  6 endoplasms
  2 giant cockroaches
  7 goblins
  9 hobgoblins
  A quokka (D:3)
  5 ball pythons
  5 bats
  6 frilled lizards
  14 kobolds
  3 rats
172 creatures vanquished.

Notes
Turn   | Place    | Note
-------+----------+-------------------------------------------
     0 | D:1      | Peloso the Minotaur Fighter began the quest for the Orb.
     0 | D:1      | Reached XP level 1. HP: 19/19 MP: 0/0
   163 | D:1      | Found Julysud's Jewellery Shoppe.
   198 | D:1      | Reached XP level 2. HP: 27/27 MP: 1/1
   238 | D:1      | Noticed an eye of devastation
   241 | D:1      | Found a faded altar of an unknown god.
   243 | D:1      | Noticed a shining eye
   243 | D:1      | Noticed a floating eye
   243 | D:1      | Noticed a great orb of eyes
   852 | D:2      | Reached XP level 3. HP: 20/33 MP: 2/2
  1008 | D:2      | Reached skill level 3 in Long Blades
  1215 | D:2      | Reached skill level 1 in Dodging
  1647 | D:2      | Found a shadowy altar of Dithmenos.
  1707 | D:2      | Reached XP level 4. HP: 39/40 MP: 3/3
  2257 | D:3      | Reached XP level 5. HP: 27/47 MP: 4/4
  2262 | D:3      | Reached skill level 4 in Long Blades
  2279 | D:3      | Noticed Ijyb
  2287 | D:3      | Killed Ijyb
  2584 | D:4      | Reached XP level 6. HP: 51/53 MP: 5/5
  2658 | D:4      | Found Lich's Antique Armour Boutique.
  2696 | D:4      | Noticed Sigmund
  2708 | D:4      | Killed Sigmund
  2709 | D:4      | Reached skill level 5 in Fighting
  2709 | D:4      | Reached skill level 5 in Long Blades
  2709 | D:4      | Reached skill level 5 in Armour
  2763 | D:4      | Noticed Edmund
  2781 | D:4      | Reached XP level 7. HP: 14/61 MP: 6/6
  2830 | D:4      | Noticed Pikel
  2849 | D:4      | Killed Pikel
  2850 | D:4      | Reached skill level 6 in Long Blades
  2850 | D:4      | Reached skill level 5 in Shields
  2894 | D:4      | Reached XP level 8. HP: 70/70 MP: 7/7
  2954 | D:4      | Killed Edmund
  2955 | D:4      | Reached skill level 7 in Long Blades
  3231 | D:5      | Entered Level 5 of the Dungeon
  3418 | D:5      | Noticed Blork the orc
  3426 | D:5      | Killed Blork the orc
  3468 | D:5      | Reached skill level 8 in Long Blades
  3505 | D:5      | Found Zunais Elep's Armour Emporium.
  3547 | D:5      | Found a hide-covered altar of Uskayaw.
  3925 | D:6      | Found a staircase to the Ecumenical Temple.
  3956 | Temple   | Entered the Ecumenical Temple
  4215 | D:6      | Reached skill level 9 in Long Blades
  4216 | D:6      | Reached XP level 9. HP: 79/79 MP: 8/8
  4280 | D:6      | Noticed Menkaure
  4284 | D:6      | HP: 2/79 [Menkaure (17)]
  4285 | D:6      | Killed Menkaure
  4974 | D:7      | Found Citass's Mass Market.
  5091 | D:7      | Reached skill level 10 in Long Blades
  5171 | D:7      | Found a shadowy altar of Dithmenos.
  5506 | D:7      | Noticed a manticore
  5523 | D:7      | Killed a manticore
  5627 | D:7      | Found a shimmering blue altar of Sif Muna.
  5635 | D:7      | Reached XP level 10. HP: 84/90 MP: 9/9
  5635 | D:7      | Found a broken altar of Ashenzari.
  5635 | D:7      | Found a burning altar of Makhleb.
  5906 | D:7      | Reached skill level 1 in Stealth
  5931 | D:8      | Noticed Erica
  5970 | D:7      | HP: 6/129 [something (10)]
  5971 | D:7      | Mangled by Erica

Illustrated notes

Levels and vault maps discovered:
D:1:      dpeg_arrival_refuge, layout_loops_ring,
          hellmonk_ecumenical_altar_watching_god, serial_shops,
          nicolae_shop_hallway_stairs
D:2:      layout_basic, basic_altar, grunt_ministairs_11, hex_large
D:3:      layout_rooms, st_stairs_12, kennysheep_cross_bottleneck, uniq_ijyb
D:4:      layout_basic, serial_shops, shop, grunt_ministairs_13, uniq_edmund,
          uniq_pikel, uniq_sigmund
D:5:      layout_loops_ring, general_overflow_altar, serial_shops, shop,
          uniq_blork_the_orc
D:6:      layout_basic, temple_pool_b, uniq_menkaure
D:7:      layout_loops_ring, mainiacjoe_overflow_tiny_flanked, minitemple,
          chequers_garden, minmay_shop_mass
D:8:      minmay_angry_zag, layout_gridville, mainiacjoe_overflow_24_doors,
          mainiacjoe_overflow_alcove_2, serial_glass, glass_columns_b,
          glass_columns_a, uniq_erica, uniq_grum, uniq_maurice, uniq_psyche
Temple:   eino_wide_crystal_templ

Skill      XL: |  1  2  3  4  5  6  7  8  9 10 |
---------------+-------------------------------+-----
Fighting       | 4 5 7 8 |  8.9
Shields        | 4 5 6 |  6.6
Armour         | 4 5 6 7 9 |  9.4
Long Blades    | 3 4 5 6 9 10 | 10.6
Dodging        | 1 2 3 4 |  4.4
Stealth        | 1 |  1.1
Evocations     | |  0.6

Action                   |  1- 3 |  4- 6 |  7- 9 | 10-12 || total
-------------------------+-------+-------+-------+-------++-------
Melee: Long sword        |    95 |   101 |   293 |    53 ||   542
       Headbutt          |    12 |    11 |    54 |    12 ||    89
Evoke: Wand              |       |       |     5 |       ||     5
  Use: Scroll            |       |     7 |     4 |       ||    11
       Potion            |       |       |     4 |     2 ||     6
Armor: Scale mail        |    57 |    46 |    16 |       ||   119
       Chain mail        |       |       |    41 |       ||    41
       Plate armour      |       |       |    65 |    23 ||    88
Dodge: Dodged            |    32 |    46 |   117 |    18 ||   213
Block: Buckler           |    16 |    35 |    76 |    14 ||   141
       Kite shield       |       |       |       |     4 ||     4
